 Dungeon Crawl Stone Soup version 0.30-a0-269-gf0224bf7b6 (webtiles) character file.

Game seed: 15403649509047471775

63 ReploidZero the Shooter (level 4, -1/40 HPs)
             Began as a Tengu Hunter on Oct 14, 2022.
             Succumbed to a water moccasin's poison
             ... on level 3 of the Dungeon.
             The game lasted 00:02:57 (1284 turns).

ReploidZero the Shooter (Tengu Hunter)              Turns: 1284, Time: 00:02:58

Health: -1/40      AC:  3    Str: 11    XL:     4   Next: 10%
Magic:  5/5        EV: 13    Int: 10    God:
Gold:   91         SH:  0    Dex: 19    Spells: 3/3 levels left

rFire   . . .      SeeInvis .    a - +0 shortbow
rCold   . . .      Faith    .    (shield currently unavailable)
rNeg    . . .      Spirit   .    c - +0 leather armour
rPois   .          Reflect  .    (helmet restricted)
rElec   .          Harm     .    (no cloak)
rCorr   .          Rampage  .    (no gloves)
Will    .....                    (boots unavailable)
Stlth   ..........               (no amulet)
HPRegen 0.26/turn                (no ring)
MPRegen 0.09/turn                (no ring)

@: berserking, lethally poisoned (-1 -> -6), attractive, very quick
A: beak, talons 3
a: no special abilities


You were on level 3 of the Dungeon.
You visited 1 branch of the dungeon, and saw 3 of its levels.

You collected 91 gold pieces.

Inventory:

Hand Weapons
 a - a +0 shortbow (weapon)
Armour
 c - a +0 leather armour (worn)
Scrolls
 b - 2 scrolls of immolation
 f - a scroll of noise {unknown}
 h - 3 scrolls of amnesia {unknown}
Potions
 d - a potion of attraction
 i - 2 potions of curing {unknown}
 j - a potion of cancellation {unknown}


   Skills:
 + Level 2.9 Fighting
 + Level 5.0 Ranged Weapons
 + Level 3.2 Dodging
 - Level 1.0 Stealth


You had 3 spell levels left.
You didn't know any spells.
Your spell library contained the following spells:

 Spells                   Type           Power      Damage    Failure   Level
 Ignite Poison            Fire/Tmut/Pois 0%         N/A       83%         3
 Sticky Flame             Conj/Fire      0%         2d3       99%         4
 Ignition                 Fire           0%         3d3       100%        8


Dungeon Overview and Level Annotations

Branches:
Dungeon (3/15)

Altars:


Innate Abilities, Weirdness & Mutations

You have a beak for a mouth.
You have claws for feet.


Message History

Aim: a water moccasin (48% to hit)
Unknown command.
Unknown command.
Fire: a) +0 shortbow
Press: ? - help, Q - select action Shift-Dir - straight line, f/p - water moccasin
Aim: a water moccasin (48% to hit)
You shoot an arrow.
The arrow barely misses the water moccasin.
Unknown command.
As you read the scroll labelled ADGHAA MYLOSCH, it crumbles to dust.
You feel strangely unstable.
It was a scroll of teleportation.
The water moccasin completely misses you.
The water moccasin bites you.
Unknown command.
The water moccasin attacks as you move away!
The water moccasin bites you.
You are poisoned.
The water moccasin poisons you!
You feel very sick.
The water moccasin attacks as you move away!
The water moccasin bites you.
You feel very sick. The water moccasin bites you.
* * * LOW HITPOINT WARNING * * *
Your surroundings suddenly seem different.
A rat and a hobgoblin come into view.
Found an Everburning Encyclopedia and a yellow potion.
* * * LOW HITPOINT WARNING * * *
You feel sick.
Unknown command.
It was a potion of attraction.
You feel attractive to monsters.
* * * LOW HITPOINT WARNING * * *
You feel sick. The rat is attracted toward you.
The hobgoblin is attracted toward you.
Unknown command.
It was a potion of berserk rage.
A red film seems to cover your vision as you go berserk!
You feel yourself moving faster!
You feel mighty!
You die...

....
..!.#.
....
.....
###+ ..:.
## 8..
§.. ..##
.... ..#
.....
#.#rg..§.
#@.......
###......
.....
.... ...
.. #


You could see a hobgoblin (asleep) and a rat (asleep).

Vanquished Creatures
  2 adders (D:2)
  A worm (D:2)
  6 ball pythons
  7 endoplasms
  3 giant cockroaches
  4 goblins
  A hobgoblin (D:2)
  4 kobolds
  2 quokkas
  4 bats (D:1)
  A frilled lizard (D:1)
  3 rats
38 creatures vanquished.

Notes
Turn   | Place    | Note
-------+----------+-------------------------------------------
     0 | D:1      | ReploidZero the Tengu Hunter began the quest for the Orb.
     0 | D:1      | Reached XP level 1. HP: 12/12 MP: 2/2
   140 | D:1      | Reached XP level 2. HP: 17/17 MP: 3/3
   650 | D:1      | Reached XP level 3. HP: 22/22 MP: 4/4
  1072 | D:2      | Reached skill level 5 in Ranged Weapons
  1072 | D:2      | Reached XP level 4. HP: 20/27 MP: 5/5
  1272 | D:3      | Noticed a water moccasin
  1283 | D:3      | HP: 1/27 [poisoned by a water moccasin]
  1284 | D:3      | Succumbed to a water moccasin's poison

Illustrated notes

Levels and vault maps discovered:
D:1:      dpeg_arrival_renting, layout_basic
D:2:      layout_rooms
D:3:      layout_basic, eat_drink_and_be_merry_uskayaw,
          nicolae_overflow_ecumenical_swirl

Skill      XL: |  1  2  3 |
---------------+----------+-----
Dodging        | 3 |  3.2
Ranged Weapons | 5 |  5.0
Fighting       | |  2.9
Stealth        | |  1.0

Action                   |  1- 3 |  4- 6 || total
-------------------------+-------+-------++-------
 Fire: Shortbow          |    70 |     9 ||    79
  Use: Potion            |       |     2 ||     2
       Scroll            |       |     1 ||     1
Armor: Leather armour    |     4 |       ||     4
Dodge: Dodged            |    20 |     1 ||    21

Table legend: (Time is in decaauts)
 A = Elapsed time spent in this place.
 B = Non-inter-level travel time spent in this place.
 C = Inter-level travel time spent in this place.
 D = Time resting spent in this place.
 E = Time spent auto-exploring this place.
 F = Levels seen in this place.
 G = Mean time per level.
                   A        B        C        D        E       F      G
               +--------+--------+--------+--------+--------+-----+--------+
         Total |   1307 |   1253 |     54 |      0 |   1064 |   3 |  435.7 |
       Dungeon |   1307 |   1253 |     54 |      0 |   1064 |   3 |  435.7 |
               +--------+--------+--------+--------+--------+-----+--------+

Top non-repeatable levels by time:
     D:1: 803 daAuts
     D:2: 473 daAuts
     D:3: 29 daAuts
